 Dungeon Crawl Stone Soup version 0.31-a0-640-g39d97e502b (webtiles) character file.

Game seed: 14707147509125480669

74000 qw the Marksgargoyle (level 15, -1/98 HPs)
             Began as a Gargoyle Hunter on Aug 27, 2023.
             Was a High Priest of Okawaru.
             Slain by a skeletal warrior
             ... wielding a +0 glaive
              (22 damage)
             ... on level 14 of the Dungeon.
             The game lasted 00:11:25 (17369 turns).

qw the Marksgargoyle (Gargoyle Hunter)             Turns: 17369, Time: 00:11:25

Health: -1/98      AC: 29    Str: 14    XL:     15   Next: 45%
Magic:  5/7        EV: 27    Int: 12    God:    Okawaru [*****.]
Gold:   652        SH:  5    Dex: 25    Spells: 14/14 levels left

rFire   + . .        a - +12 longbow of Pride {antimagic, rC+}
rCold   + . .        (shield currently unavailable)
rNeg    + . .        t - +4 ring mail of Guhoun {rElec rF+ Will+ Stlth+}
rPois   inf          p - +2 helmet
rElec   +            m - +0 cloak
rCorr   .            (no gloves)
SInv    .            c - +0 pair of boots
Will    ++...        n - amulet of reflection
Stlth   ++++         e - +6 ring of dexterity
HPRegen 0.36/turn    j - +5 ring of evasion
MPRegen 0.10/turn

%: reflection
@: about to teleport, heroic, flying
A: sickness immunity, AC +11, big wings, negative energy resistance 1,
electricity resistance, torment resistance 1, petrification resistance
a: Renounce Religion, Heroism, Finesse, Duel


You were on level 14 of the Dungeon.
You worshipped Okawaru.
Okawaru was extremely pleased with you.
You visited 3 branches of the dungeon, and saw 20 of its levels.
You also visited: Ossuary.

You collected 1548 gold pieces.
You spent 896 gold pieces at shops.


Innate Abilities, Weirdness & Mutations

You are immune to sickness and miasma.
Your stone body is resilient. (AC +11)
You are immune to poison.
Your large and strong wings let you fly.
You resist negative energy. (rN+)
You are resistant to electric shocks. (rElec)
You are resistant to unholy torment.
You are immune to petrification.


   Skills:
 - Level 13.0(18.0) Fighting
 - Level 19.3(24.3) Ranged Weapons
 + Level 7.1(12.1) Armour
 - Level 9.0(14.0) Dodging
 - Level 1.1(6.1) Stealth
 - Level 10.0 Invocations


You had 14 spell levels left.
You didn't know any spells.
Your spell library was empty.

Inventory:

Hand Weapons
 a - the +12 longbow of Pride (weapon) {antimagic, rC+}
   (You acquired it on level 5 of the Dungeon)

   rC+:       It protects you from cold.
Armour
 c - a +0 pair of boots (worn)
 m - a +0 cloak (worn)
 p - a +2 helmet (worn)
 t - the +4 ring mail of Guhoun (worn) {rElec rF+ Will+ Stlth+}
   (Okawaru gifted it to you on level 13 of the Dungeon)

   rF+:       It protects you from fire.
   rElec:     It insulates you from electricity.
   Will+:     It increases your willpower.
   Stlth+:    It makes you more stealthy.
Jewellery
 e - a +6 ring of dexterity (left hand)
 j - a +5 ring of evasion (right hand)
 n - an amulet of reflection (around neck)
Scrolls
 b - 10 scrolls of identify
 g - 3 scrolls of teleportation
 r - a scroll of enchant weapon
Potions
 d - 5 potions of heal wounds
 f - 3 potions of enlightenment
 h - 8 potions of curing
 i - 6 potions of haste
 l - a potion of resistance
 o - 5 potions of mutation
 q - 2 potions of magic
 s - 6 potions of cancellation
 u - a potion of might

Dungeon Overview and Level Annotations

Branches:
Dungeon (14/15)            Temple (1/1) D:6            Lair (5/5) D:8
  Swamp (0/4) Lair:3        Snake (0/4) Lair:3        Slime (0/5) Lair:4
    Orc (0/2) D:11         Vaults (0/5) D:13        Ossuary (visited)

Altars:
Ashenzari
Cheibriados
Dithmenos
Elyvilon
Fedhas
Gozag
Hepliaklqana
Kikubaaqudgha
Makhleb
Okawaru
Qazlal
Ru
Sif Muna
Uskayaw
Vehumet
Wu Jian
Xom
Yredelemnul
Zin
The Shining One
Jiyva

Shops:
D:9 ?   D:12 !

Annotations:
D:3 2 transporters
D:8 2 runed translucent doors
D:13 3 runed translucent doors, Yqoodd's ghost, journeyman GnWr
Lair:1 1 runed translucent door
Lair:2 2 transporters


Message History

The skeletal warrior hits you with a +4 hand axe!
The skeletal warrior completely misses you.
You shoot an arrow. The arrow hits the skeletal warrior!!
The skeletal warrior is moderately damaged.
The tengu warrior hits you with a +0 great sword.
The tengu warrior misses you.
The tengu warrior claws you but does no damage.
The skeletal warrior hits you with a +4 hand axe.
You shoot an arrow. The arrow hits the skeletal warrior!
The skeletal warrior is heavily damaged.
The skeletal warrior completely misses you.
The tengu warrior misses you. The tengu warrior closely misses you.
The tengu warrior claws you but does no damage.
The skeletal warrior hits you but does no damage.
You shoot an arrow.
The arrow barely misses the skeletal warrior.
The skeletal warrior hits you from afar with a +0 glaive.
You shoot an arrow. The arrow hits the skeletal warrior!
The skeletal warrior is heavily damaged.
You block the tengu warrior's attack. The tengu warrior closely misses you.
The tengu warrior completely misses you.
The skeletal warrior misses you.
You block the skeletal warrior's attack.
You shoot an arrow. The arrow hits the skeletal warrior!!!
You destroy the skeletal warrior!
Okawaru accepts your kill. The tengu warrior barely misses you.
The tengu warrior misses you.
The tengu warrior claws you but does no damage.
A boulder beetle comes into view.
The skeletal warrior hits you from afar with a +0 glaive.
Your base Armour skill increases to level 7!
17369 ||| READING 4 scrolls of teleportation.
As you read the scroll of teleportation, it crumbles to dust.
You feel strangely unstable.
The tengu warrior completely misses you.
The tengu warrior barely misses you.
The tengu warrior completely misses you.
The boulder beetle curls into a ball and begins rolling!
The skeletal warrior hits you from afar with a +0 glaive!!
You die...

.........##.#
~.........#.#
~~~.......#.#
~~.....<....#
~~~~~##.....###
S~~~~##.#.*...#.#
~~~~~~SDzQ.....>#
~~~~###.#Q#####.
~# ...#@#
......)..#
..........#
..........#
..........#
...........
...).....#
.....B...#


You could see a boulder beetle (rolling), a skeletal warrior, a tengu warrior, a
tengu conjurer and a battlesphere.

Vanquished Creatures
  A fire dragon (Lair:5)
  A vault guard (D:13)
  Harold (D:11)
  4 hydras (Lair:5)
  2 catoblepae (Lair:5)
  7 boulder beetles
  4 two-headed ogres
  7 death yaks
  2 demonic crawlers (D:13)
  Sonja (Lair:5)
  3 skysharks
  3 skeletal warriors
  A swamp dragon (Lair:5)
  3 necromancers (D:13)
  A wizard (D:13)
  2 lindwurms (Lair:5)
  An ugly thing (D:13)
  A cyclops (D:13)
  3 manticores
  6 black mambas
  19 elephants
  A torpor snail (D:13)
  14 cane toads
  A gargoyle (D:11)
  10 rime drakes
  Maggie (D:6)
  3 kobold demonologists
  12 komodo dragons
  A troll (D:12)
  A polar bear (Lair:1)
  19 blink frogs
  Prince Ribbit (D:9)
  7 dream sheep (Lair:5)
  A dream sheep (shapeshifter) (D:13)
  6 wraiths
  3 slime creatures (D:13)
  A shadow (D:9)
  3 wyverns
  2 vampires
  5 basilisks (Lair:5)
  6 water elementals
  35 yaks
  20 humans (D:13)
  Grum (D:11)
  5 steam dragons (Lair:5)
  4 vampire mosquitoes (D:13)
  2 wargs (D:8)
  7 swamp worms
  Edmund (D:4)
  4 acid dragons
  17 water moccasins
  2 orc warriors
  2 black bears
  Pargi (D:4)
  A hornet zombie (D:7)
  An ice beast (D:6)
  2 ogres (D:6)
  19 wolves
  10 centaurs
  A phantom (D:5)
  A kobold brigand (D:7)
  16 bullfrogs
  2 gnoll sergeants
  A scorpion (D:6)
  6 killer bees (D:9)
  5 electric eels
  A howler monkey (D:9)
  2 centaur zombies (D:7)
  2 bullfrog zombies (D:7)
  11 orc priests
  2 hounds (D:5)
  3 jellies
  2 sleepcaps
  3 gnoll boudas
  8 iguanas
  13 orc wizards
  A mummy (Ossuary)
  2 howler monkey zombies (D:7)
  31 gnolls
  6 adders
  A shadow imp (D:7)
  3 white imps
  A worm (D:2)
  35 orcs
  4 ball pythons
  A bat (D:3)
  7 endoplasms
  A giant cockroach (D:3)
  6 goblins
  A hobgoblin (D:4)
  3 jackals (D:1)
  9 kobolds
  5 quokkas
  A frilled lizard (D:3)
  8 gnoll skeletons (Ossuary)
  4 kobold skeletons (Ossuary)
  13 orc skeletons (Ossuary)
  7 rats
534 creatures vanquished.

Notes
Turn   | Place    | Note
-------+----------+-------------------------------------------
     0 | D:1      | qw the Gargoyle Hunter began the quest for the Orb.
     0 | D:1      | Reached XP level 1. HP: 12/12 MP: 1/1
     0 | D:1      | 0 ||| qw: Version: 0.3-a-74-g0d5e918
     0 | D:1      | 0 ||| qw: Game counter: 51
     0 | D:1      | 0 ||| qw: Melee chars always use a shield: true
     0 | D:1      | 0 ||| qw: God list: Okawaru
     0 | D:1      | 0 ||| qw: Allow faded altars: false
     0 | D:1      | 0 ||| qw: Do Orc after clearing Dungeon:15 true
     0 | D:1      | 0 ||| qw: Do second Lair branch before Depths: true
     0 | D:1      | 0 ||| qw: Lair rune preference: random
     0 | D:1      | 0 ||| qw: Goals: Normal
     0 | D:1      | 0 ||| PLANNING D:1-11
    77 | D:1      | Reached XP level 2. HP: 8/17 MP: 2/2
   377 | D:1      | 377 ||| UPGRADING to +0 ring mail.
   387 | D:1      | 387 ||| DROPPING +0 leather armour.
   388 | D:1      | 388 ||| READING 2 scrolls labelled OZAEKK HASANOCW.
   389 | D:1      | 389 ||| READING scroll labelled UMABRO VEERPHY.
   390 | D:1      | 390 ||| READING 3 scrolls labelled VENGUNI XUQUPS.
   393 | D:1      | 393 ||| DRINKING 2 black potions.
   394 | D:1      | 394 ||| DROPPING scroll of poison.
   395 | D:1      | 395 ||| DROPPING scroll of butterflies.
   404 | D:2      | 404 ||| STAIRDANCE
   515 | D:2      | Reached skill level 1 in Armour
   530 | D:2      | Found a faded altar of an unknown god.
   560 | D:2      | Reached XP level 3. HP: 21/21 MP: 3/3
   720 | D:2      | Found a broken altar of Ashenzari.
  1081 | D:2      | 1081 ||| UPGRADING to ring of protection from cold.
  1082 | D:2      | 1082 ||| READING 2 scrolls labelled EFOUGO SOUCW.
  1083 | D:2      | 1083 ||| DRINKING 3 red potions.
  1084 | D:2      | 1084 ||| DRINKING 2 coppery potions.
  1244 | D:3      | Reached skill level 5 in Ranged Weapons
  1307 | D:3      | Found an ancient bone altar of Kikubaaqudgha.
  1400 | D:3      | Found a transporter.
  1406 | D:3      | Noticed a black bear
  1407 | D:3      | Found a broken altar of Ashenzari.
  1433 | D:3      | 1433 ||| FLEEEEING.
  1434 | D:3      | 1434 ||| FLEEEEING.
  1435 | D:3      | 1435 ||| FLEEEEING.
  1436 | D:3      | 1436 ||| FLEEEEING.
  1437 | D:3      | 1437 ||| FLEEEEING.
  1441 | D:3      | 1441 ||| FLEEEEING.
  1442 | D:3      | 1442 ||| FLEEEEING.
  1443 | D:3      | 1443 ||| FLEEEEING.
  1444 | D:3      | 1444 ||| FLEEEEING.
  1445 | D:3      | 1445 ||| FLEEEEING.
  1446 | D:3      | 1446 ||| FLEEEEING.
  1446 | D:3      | HP: 2/22 [orc priest/divine providence (10)]
  1447 | D:3      | 1447 ||| STAIRDANCE
  1531 | D:2      | 1531 ||| UPGRADING to +4 ring of protection.
  1532 | D:2      | 1532 ||| READING 2 scrolls labelled BUUCLA IJOOC.
  1533 | D:2      | 1533 ||| READING scroll of brand weapon.
  1533 | D:2      | 1533 ||| BRANDING +0 shortbow of electrocution.
  1534 | D:2      | 1534 ||| READING 2 scrolls of identify.
  1534 | D:2      | 1534 ||| IDENTIFYING purple potion
  1535 | D:2      | 1535 ||| DROPPING potion of degeneration.
  1541 | D:3      | 1541 ||| Stepping ~*~*~tactically~*~*~ (outnumbered).
  1544 | D:3      | Reached skill level 3 in Fighting
  1544 | D:3      | Reached XP level 4. HP: 28/28 MP: 4/4
  1572 | D:3      | Found a transporter.
  1833 | D:3      | 1833 ||| UPGRADING to +3 leather armour.
  1843 | D:3      | 1843 ||| DROPPING +0 ring mail.
  1935 | D:4      | Noticed a black bear
  1943 | D:4      | Killed a black bear
  1944 | D:4      | Reached skill level 6 in Ranged Weapons
  1944 | D:4      | Reached XP level 5. HP: 20/32 MP: 5/5
  2040 | D:4      | Reached XP level 6. HP: 14/38 MP: 6/6
  2040 | D:4      | HP: 5/38 [gnoll/+0 halberd (9)]
  2041 | D:4      | 2041 ||| READING 2 scrolls of teleportation.
  2042 | D:4      | 2042 ||| DRINKING 2 potions of heal wounds.
  2167 | D:4      | Noticed Pargi
  2175 | D:4      | Killed Pargi
  2176 | D:4      | Reached skill level 7 in Ranged Weapons
  2226 | D:4      | 2226 ||| Stepping ~*~*~tactically~*~*~ (retreating).
  2227 | D:4      | 2227 ||| Stepping ~*~*~tactically~*~*~ (retreating).
  2228 | D:4      | 2228 ||| Stepping ~*~*~tactically~*~*~ (retreating).
  2229 | D:4      | 2229 ||| Stepping ~*~*~tactically~*~*~ (retreating).
  2305 | D:4      | 2305 ||| UPGRADING to +0 troll leather armour {Pargi}.
  2315 | D:4      | 2315 ||| DROPPING +3 leather armour.
  2337 | D:4      | Reached XP level 7. HP: 43/43 MP: 7/7
  2340 | D:4      | Noticed Edmund
  2364 | D:4      | Killed Edmund
  2365 | D:4      | Reached skill level 8 in Ranged Weapons
  2532 | D:4      | 2532 ||| READING scroll of brand weapon.
  2532 | D:4      | 2532 ||| BRANDING +0 shortbow of freezing.
  2658 | D:4      | Found a hazy altar of Hepliaklqana.
  2699 | D:4      | Found a sacrificial altar of Ru.
  2723 | D:4      | Found a radiant altar of Vehumet.
  3074 | D:4      | 3074 ||| DRINKING 3 puce potions.
  3075 | D:4      | 3075 ||| READING 2 scrolls of identify.
  3075 | D:4      | 3075 ||| IDENTIFYING orange potion
  3076 | D:4      | 3076 ||| DROPPING potion of ambrosia.
  3119 | D:5      | Entered Level 5 of the Dungeon
  3487 | D:5      | Reached XP level 8. HP: 50/50 MP: 8/8
  3873 | D:5      | 3873 ||| Stepping ~*~*~tactically~*~*~ (retreating).
  3874 | D:5      | 3874 ||| Stepping ~*~*~tactically~*~*~ (retreating).
  3875 | D:5      | 3875 ||| Stepping ~*~*~tactically~*~*~ (retreating).
  3876 | D:5      | 3876 ||| Stepping ~*~*~tactically~*~*~ (retreating).
  3877 | D:5      | 3877 ||| Stepping ~*~*~tactically~*~*~ (retreating).
  3878 | D:5      | 3878 ||| Stepping ~*~*~tactically~*~*~ (retreating).
  3879 | D:5      | 3879 ||| Stepping ~*~*~tactically~*~*~ (retreating).
  3880 | D:5      | 3880 ||| Stepping ~*~*~tactically~*~*~ (retreating).
  3881 | D:5      | 3881 ||| Stepping ~*~*~tactically~*~*~ (retreating).
  3883 | D:5      | Reached skill level 9 in Ranged Weapons
  3986 | D:5      | 3986 ||| UPGRADING to +0 pair of boots.
  3991 | D:5      | 3991 ||| UPGRADING to +0 helmet.
  3996 | D:5      | 3996 ||| READING scroll labelled MEOVYPU DONIFI.
  3997 | D:5      | 3997 ||| READING scroll labelled HEOKECZ SOOPPA.
  3998 | D:5      | 3998 ||| READING scroll labelled XUNALIE GOILEO.
  3998 | D:5      | Identified a scroll of acquirement
  3998 | D:5      | 3998 ||| ACQUIRING +12 longbow of Pride {antimagic, rC+}
  3998 | D:5      | Acquired the +12 longbow of Pride {antimagic, rC+}
  4000 | D:5      | 4000 ||| SWAPPING to +12 longbow of Pride {antimagic, rC+}.
  4001 | D:5      | 4001 ||| DROPPING +0 shortbow of draining.
  4043 | D:6      | 4043 ||| PLANNING OSSUARY
  4044 | D:6      | 4044 ||| STAIRDANCE
  4049 | D:5      | Reached skill level 6 in Fighting
  4051 | D:6      | 4051 ||| STAIRDANCE
  4083 | D:6      | Found a sand-covered staircase.
  4094 | Ossuary  | Entered an ossuary
  4094 | Ossuary  | Noticed a wraith
  4094 | Ossuary  | Noticed a wraith
  4094 | Ossuary  | Noticed a wraith
  4139 | Ossuary  | Noticed a wraith
  4148 | Ossuary  | Killed a wraith
  4355 | Ossuary  | 4355 ||| READING scroll labelled YDENTI KOWEIMN.
  4356 | Ossuary  | 4356 ||| READING scroll labelled MAGRET XYOHEE.
  4357 | Ossuary  | 4357 ||| READING scroll labelled HIGHOH ARCHI.
  4358 | Ossuary  | 4358 ||| DRINKING 3 metallic blue potions.
  4359 | Ossuary  | 4359 ||| READING 5 scrolls of identify.
  4359 | Ossuary  | 4359 ||| IDENTIFYING lumpy cyan potion
  4360 | Ossuary  | 4360 ||| READING 4 scrolls of identify.
  4360 | Ossuary  | 4360 ||| IDENTIFYING golden potion
  4361 | Ossuary  | 4361 ||| READING 3 scrolls of identify.
  4361 | Ossuary  | 4361 ||| IDENTIFYING sedimented green potion
  4362 | Ossuary  | 4362 ||| DROPPING 2 potions of brilliance.
  4363 | Ossuary  | 4363 ||| DROPPING potion of attraction.
  4364 | Ossuary  | 4364 ||| DROPPING potion of invisibility.
  4372 | D:6      | 4372 ||| PLANNING D:1-11
  4374 | D:6      | 4374 ||| Stepping ~*~*~tactically~*~*~ (outnumbered).
  4376 | D:6      | 4376 ||| Stepping ~*~*~tactically~*~*~ (outnumbered).
  4378 | D:6      | 4378 ||| Stepping ~*~*~tactically~*~*~ (retreating).
  4380 | D:6      | Reached skill level 10 in Ranged Weapons
  4412 | D:6      | Found a glowing silver altar of Zin.
  4412 | D:6      | Found a burning altar of Makhleb.
  4413 | D:6      | Noticed a balrug
  4413 | D:6      | Noticed an angel
  4420 | D:6      | Noticed Maggie
  4423 | D:6      | 4423 ||| RETREATING.
  4427 | D:6      | 4427 ||| Stepping ~*~*~tactically~*~*~ (retreating).
  4428 | D:6      | 4428 ||| Stepping ~*~*~tactically~*~*~ (retreating).
  4429 | D:6      | 4429 ||| Stepping ~*~*~tactically~*~*~ (retreating).
  4430 | D:6      | 4430 ||| Stepping ~*~*~tactically~*~*~ (retreating).
  4431 | D:6      | 4431 ||| Stepping ~*~*~tactically~*~*~ (retreating).
  4432 | D:6      | 4432 ||| Stepping ~*~*~tactically~*~*~ (retreating).
  4433 | D:6      | 4433 ||| Stepping ~*~*~tactically~*~*~ (retreating).
  4434 | D:6      | 4434 ||| Stepping ~*~*~tactically~*~*~ (retreating).
  4435 | D:6      | 4435 ||| Stepping ~*~*~tactically~*~*~ (retreating).
  4436 | D:6      | 4436 ||| Stepping ~*~*~tactically~*~*~ (retreating).
  4437 | D:6      | 4437 ||| Stepping ~*~*~tactically~*~*~ (retreating).
  4438 | D:6      | 4438 ||| Stepping ~*~*~tactically~*~*~ (retreating).
  4439 | D:6      | 4439 ||| Stepping ~*~*~tactically~*~*~ (retreating).
  4440 | D:6      | 4440 ||| Stepping ~*~*~tactically~*~*~ (retreating).
  4448 | D:6      | Killed Maggie
  4449 | D:6      | Reached XP level 9. HP: 52/57 MP: 3/9
  4503 | D:6      | Found a staircase to the Ecumenical Temple.
  4505 | D:6      | 4505 ||| PLANNING TEMPLE
  4519 | Temple   | Entered the Ecumenical Temple
  4520 | Temple   | 4520 ||| PLANNING D:1-11
  4578 | D:6      | Reached skill level 3 in Dodging
  4813 | D:7      | 4813 ||| STAIRDANCE
  4818 | D:7      | 4818 ||| STAIRDANCE
  4923 | D:7      | 4923 ||| STAIRDANCE
  4932 | D:7      | 4932 ||| STAIRDANCE
  4944 | D:7      | 4944 ||| STAIRDANCE
  4953 | D:7      | 4953 ||| STAIRDANCE
  4970 | D:7      | 4970 ||| STAIRDANCE
  5004 | D:7      | Found a basalt altar of Yredelemnul.
  5057 | D:7      | Reached skill level 11 in Ranged Weapons
  5147 | D:7      | Found an iron altar of Okawaru.
  5148 | D:7      | 5148 ||| PLANNING OKAWARU WORSHIP
  5148 | D:7      | 5148 ||| DROPPING amulet of magic regeneration.
  5149 | D:7      | 5149 ||| READING 4 scrolls of identify.
  5149 | D:7      | 5149 ||| IDENTIFYING ruby potion
  5150 | D:7      | 5150 ||| DROPPING potion of lignification.
  5155 | D:7      | Became a worshipper of Warmaster Okawaru
  5156 | D:7      | 5156 ||| PLANNING D:1-11
  5543 | D:7      | Found a hide-covered altar of Uskayaw.
  5584 | D:7      | 5584 ||| UPGRADING to +0 cloak.
  5686 | D:8      | Found a large runed translucent door.
  5687 | D:8      | Found a large runed translucent door.
  5693 | D:8      | Reached skill level 3 in Armour
  5731 | D:8      | Reached XP level 10. HP: 64/64 MP: 3/10
  5738 | D:8      | Reached * piety under Okawaru
  5741 | D:8      | 5741 ||| INVOKING Heroism.
  5749 | D:8      | 5749 ||| FLEEEEING.
  5750 | D:8      | 5750 ||| FLEEEEING.
  5751 | D:8      | 5751 ||| FLEEEEING.
  5752 | D:8      | 5752 ||| FLEEEEING.
  5753 | D:8      | 5753 ||| FLEEEEING.
  5754 | D:8      | 5754 ||| FLEEEEING.
  5755 | D:8      | 5755 ||| FLEEEEING.
  5756 | D:8      | 5756 ||| FLEEEEING.
  5806 | D:8      | 5806 ||| SWAPPING to +0 orcbow.
  5807 | D:8      | 5807 ||| FLEEEEING.
  5808 | D:8      | 5808 ||| FLEEEEING.
  5809 | D:8      | 5809 ||| FLEEEEING.
  5810 | D:8      | 5810 ||| FLEEEEING.
  5811 | D:8      | 5811 ||| FLEEEEING.
  5813 | D:8      | 5813 ||| FLEEEEING.
  5816 | D:8      | 5816 ||| FLEEEEING.
  5820 | D:8      | 5820 ||| FLEEEEING.
  5821 | D:8      | 5821 ||| FLEEEEING.
  5822 | D:8      | 5822 ||| FLEEEEING.
  5823 | D:8      | 5823 ||| FLEEEEING.
  5824 | D:8      | 5824 ||| FLEEEEING.
  5825 | D:8      | 5825 ||| FLEEEEING.
  5826 | D:8      | 5826 ||| FLEEEEING.
  5827 | D:8      | 5827 ||| FLEEEEING.
  5834 | D:8      | 5834 ||| FLEEEEING.
  5835 | D:8      | 5835 ||| FLEEEEING.
  5836 | D:8      | 5836 ||| FLEEEEING.
  5839 | D:8      | 5839 ||| FLEEEEING.
  5840 | D:8      | 5840 ||| FLEEEEING.
  5847 | D:8      | 5847 ||| FLEEEEING.
  5848 | D:8      | 5848 ||| FLEEEEING.
  5849 | D:8      | 5849 ||| FLEEEEING.
  5850 | D:8      | 5850 ||| FLEEEEING.
  5851 | D:8      | 5851 ||| FLEEEEING.
  5852 | D:8      | 5852 ||| FLEEEEING.
  5860 | D:8      | 5860 ||| FLEEEEING.
  5880 | D:8      | Reached skill level 1 in Invocations
  5921 | D:8      | Found a staircase to the Lair.
  5929 | D:8      | 5929 ||| SWAPPING to +2 orcbow of electrocution.
  5930 | D:8      | 5930 ||| DROPPING +0 orcbow.
  6009 | D:8      | Reached skill level 12 in Ranged Weapons
  6010 | D:8      | 6010 ||| INVOKING Heroism.
  6026 | D:8      | 6026 ||| FLEEEEING.
  6027 | D:8      | 6027 ||| FLEEEEING.
  6028 | D:8      | 6028 ||| FLEEEEING.
  6029 | D:8      | 6029 ||| FLEEEEING.
  6035 | D:8      | 6035 ||| FLEEEEING.
  6036 | D:8      | 6036 ||| FLEEEEING.
  6037 | D:8      | 6037 ||| FLEEEEING.
  6513 | D:8      | 6513 ||| PLANNING LAIR
  6513 | D:8      | 6513 ||| UPGRADING to amulet of reflection.
  6550 | Lair:1   | Entered Level 1 of the Lair of Beasts
  6554 | Lair:1   | 6554 ||| INVOKING Heroism.
  6578 | Lair:1   | 6578 ||| INVOKING Heroism.
  6579 | Lair:1   | Noticed a death yak
  6580 | Lair:1   | 6580 ||| RETREATING.
  6582 | Lair:1   | 6582 ||| Stepping ~*~*~tactically~*~*~ (retreating).
  6586 | Lair:1   | Noticed a cane toad
  6586 | Lair:1   | Noticed a cane toad
  6594 | Lair:1   | 6594 ||| Stepping ~*~*~tactically~*~*~ (retreating).
  6595 | Lair:1   | 6595 ||| Stepping ~*~*~tactically~*~*~ (retreating).
  6596 | Lair:1   | 6596 ||| Stepping ~*~*~tactically~*~*~ (retreating).
  6597 | Lair:1   | 6597 ||| Stepping ~*~*~tactically~*~*~ (retreating).
  6599 | Lair:1   | 6599 ||| INVOKING Heroism.
  6611 | Lair:1   | Killed a death yak
  6618 | Lair:1   | Reached skill level 3 in Invocations
  6619 | Lair:1   | 6619 ||| INVOKING Heroism.
  6634 | Lair:1   | Killed a cane toad
  6647 | Lair:1   | Killed a cane toad
  6647 | Lair:1   | Reached ** piety under Okawaru
  6651 | Lair:1   | 6651 ||| INVOKING Heroism.
  6656 | Lair:1   | Reached skill level 13 in Ranged Weapons
  6657 | Lair:1   | Reached XP level 11. HP: 37/69 MP: 10/14
  6681 | Lair:1   | Reached skill level 9 in Fighting
  6683 | Lair:1   | 6683 ||| INVOKING Heroism.
  6717 | Lair:1   | 6717 ||| INVOKING Heroism.
  6746 | Lair:1   | 6746 ||| INVOKING Heroism.
  6772 | Lair:1   | 6772 ||| INVOKING Heroism.
  6776 | Lair:1   | 6776 ||| Stepping ~*~*~tactically~*~*~ (retreating).
  6777 | Lair:1   | 6777 ||| RETREATING.
  6779 | Lair:1   | 6779 ||| Stepping ~*~*~tactically~*~*~ (retreating).
  6780 | Lair:1   | 6780 ||| Stepping ~*~*~tactically~*~*~ (retreating).
  6792 | Lair:1   | 6792 ||| Stepping ~*~*~tactically~*~*~ (retreating).
  6794 | Lair:1   | 6794 ||| INVOKING Heroism.
  6795 | Lair:1   | 6795 ||| Stepping ~*~*~tactically~*~*~ (retreating).
  6839 | Lair:1   | 6839 ||| INVOKING Heroism.
  6910 | Lair:1   | 6910 ||| Stepping ~*~*~tactically~*~*~ (retreating).
  6911 | Lair:1   | 6911 ||| Stepping ~*~*~tactically~*~*~ (retreating).
  6912 | Lair:1   | 6912 ||| Stepping ~*~*~tactically~*~*~ (retreating).
  6918 | Lair:1   | Reached skill level 14 in Ranged Weapons
  6918 | Lair:1   | 6918 ||| RETREATING.
  6926 | Lair:1   | 6926 ||| Stepping ~*~*~tactically~*~*~ (retreating).
  6927 | Lair:1   | 6927 ||| Stepping ~*~*~tactically~*~*~ (retreating).
  6929 | Lair:1   | 6929 ||| Stepping ~*~*~tactically~*~*~ (retreating).
  6930 | Lair:1   | 6930 ||| Stepping ~*~*~tactically~*~*~ (retreating).
  6931 | Lair:1   | 6931 ||| Stepping ~*~*~tactically~*~*~ (retreating).
  6932 | Lair:1   | 6932 ||| Stepping ~*~*~tactically~*~*~ (retreating).
  6939 | Lair:1   | 6939 ||| Stepping ~*~*~tactically~*~*~ (retreating).
  6940 | Lair:1   | 6940 ||| Stepping ~*~*~tactically~*~*~ (retreating).
  6941 | Lair:1   | 6941 ||| Stepping ~*~*~tactically~*~*~ (retreating).
  6942 | Lair:1   | 6942 ||| Stepping ~*~*~tactically~*~*~ (retreating).
  6943 | Lair:1   | 6943 ||| Stepping ~*~*~tactically~*~*~ (retreating).
  6944 | Lair:1   | 6944 ||| Stepping ~*~*~tactically~*~*~ (retreating).
  6945 | Lair:1   | 6945 ||| Stepping ~*~*~tactically~*~*~ (retreating).
  6948 | Lair:1   | 6948 ||| Stepping ~*~*~tactically~*~*~ (retreating).
  6949 | Lair:1   | Reached *** piety under Okawaru
  7018 | Lair:1   | 7018 ||| INVOKING Heroism.
  7043 | Lair:1   | Noticed a lindwurm
  7043 | Lair:1   | Noticed a lindwurm
  7063 | Lair:1   | Found a runed translucent door.
  7150 | Lair:1   | 7150 ||| INVOKING Heroism.
  7185 | Lair:1   | 7185 ||| RETREATING.
  7187 | Lair:1   | 7187 ||| RETREATING.
  7206 | Lair:1   | 7206 ||| FLEEEEING.
  7207 | Lair:1   | 7207 ||| FLEEEEING.
  7208 | Lair:1   | 7208 ||| RETREATING.
  7225 | Lair:1   | Reached **** piety under Okawaru
  7276 | Lair:1   | Reached skill level 15 in Ranged Weapons
  7276 | Lair:1   | Reached XP level 12. HP: 77/77 MP: 15/15
  7803 | Lair:1   | 7803 ||| READING scroll labelled MISKYE BOACLYJ.
  7877 | Lair:2   | 7877 ||| RETREATING.
  7880 | Lair:2   | 7880 ||| Stepping ~*~*~tactically~*~*~ (retreating).
  7898 | Lair:2   | 7898 ||| INVOKING Heroism.
  7950 | Lair:2   | 7950 ||| INVOKING Heroism.
  7955 | Lair:2   | Reached skill level 6 in Invocations
  8013 | Lair:2   | Noticed a death yak
  8014 | Lair:2   | 8014 ||| INVOKING Heroism.
  8027 | Lair:2   | Killed a death yak
  8040 | Lair:2   | Noticed a death yak
  8040 | Lair:2   | Noticed a death yak
  8041 | Lair:2   | 8041 ||| RETREATING.
  8042 | Lair:2   | Noticed a death yak
  8042 | Lair:2   | Noticed a death yak
  8046 | Lair:2   | 8046 ||| INVOKING Heroism.
  8057 | Lair:2   | Noticed a death yak
  8058 | Lair:2   | 8058 ||| Stepping ~*~*~tactically~*~*~ (retreating).
  8059 | Lair:2   | 8059 ||| Stepping ~*~*~tactically~*~*~ (retreating).
  8060 | Lair:2   | 8060 ||| Stepping ~*~*~tactically~*~*~ (retreating).
  8061 | Lair:2   | 8061 ||| Stepping ~*~*~tactically~*~*~ (retreating).
  8064 | Lair:2   | Killed a death yak
  8072 | Lair:2   | Killed a death yak
  8073 | Lair:2   | HP: 16/77 [death yak (5)]
  8074 | Lair:2   | 8074 ||| READING 3 scrolls of teleportation.
  8074 | Lair:2   | HP: 3/77 [death yak (15)]
  8075 | Lair:2   | 8075 ||| DRINKING 3 potions of heal wounds.
  8076 | Lair:2   | 8076 ||| DRINKING 2 potions of heal wounds.
  8084 | Lair:2   | 8084 ||| FLEEEEING.
  8135 | Lair:2   | Found a transporter.
  8156 | Lair:2   | Found a transporter.
  8162 | Lair:2   | 8162 ||| INVOKING Heroism.
  8256 | Lair:2   | Reached ***** piety under Okawaru
  8346 | Lair:2   | 8346 ||| INVOKING Heroism.
  8387 | Lair:2   | 8387 ||| RETREATING.
  8402 | Lair:2   | 8402 ||| INVOKING Heroism.
  8407 | Lair:2   | Killed a death yak
  8419 | Lair:2   | Killed a death yak
  8421 | Lair:2   | 8421 ||| INVOKING Finesse.
  8426 | Lair:2   | Killed a death yak
  8461 | Lair:2   | Noticed a boulder beetle
  8462 | Lair:2   | 8462 ||| INVOKING Heroism.
  8474 | Lair:2   | Killed a boulder beetle
  8475 | Lair:2   | Reached skill level 16 in Ranged Weapons
  8763 | Lair:2   | 8763 ||| READING 5 scrolls of identify.
  8763 | Lair:2   | 8763 ||| IDENTIFYING fuming orange potion
  8808 | Lair:3   | Identified the +8 hand axe "Wuntud" {elec, Dex+4}
  8847 | Lair:3   | Reached skill level 9 in Invocations
  8849 | Lair:3   | Found a blossoming altar of Fedhas.
  8866 | Lair:3   | 8866 ||| INVOKING Heroism.
  8893 | Lair:3   | Noticed a boulder beetle
  8894 | Lair:3   | 8894 ||| INVOKING Finesse.
  8898 | Lair:3   | 8898 ||| INVOKING Heroism.
  8905 | Lair:3   | Killed a boulder beetle
  8993 | Lair:3   | Reached XP level 13. HP: 83/83 MP: 20/20
  9424 | Lair:3   | 9424 ||| INVOKING Heroism.
  9428 | Lair:3   | 9428 ||| Stepping ~*~*~tactically~*~*~ (water).
  9451 | Lair:3   | 9451 ||| INVOKING Heroism.
  9453 | Lair:3   | Found a staircase to the Swamp.
  9558 | Lair:3   | Found a staircase to the Snake Pit.
  9643 | Lair:3   | 9643 ||| RETREATING.
  9711 | Lair:3   | Identified the +5 kite shield of Anka {rF- rC+ Int+5 Dex+3}
  9851 | Lair:3   | 9851 ||| READING 5 scrolls of identify.
  9851 | Lair:3   | 9851 ||| IDENTIFYING smoky purple potion
  9903 | Lair:4   | 9903 ||| Stepping ~*~*~tactically~*~*~ (retreating).
  9904 | Lair:4   | 9904 ||| RETREATING.
  9905 | Lair:4   | 9905 ||| STAIRDANCE
  9925 | Lair:3   | Reached skill level 6 in Dodging
  9931 | Lair:4   | 9931 ||| Stepping ~*~*~tactically~*~*~ (retreating).
  9932 | Lair:4   | 9932 ||| Stepping ~*~*~tactically~*~*~ (retreating).
  9933 | Lair:4   | 9933 ||| INVOKING Heroism.
  9937 | Lair:4   | 9937 ||| Stepping ~*~*~tactically~*~*~ (outnumbered).
  9938 | Lair:4   | 9938 ||| Stepping ~*~*~tactically~*~*~ (retreating).
  9939 | Lair:4   | 9939 ||| Stepping ~*~*~tactically~*~*~ (retreating).
  9940 | Lair:4   | 9940 ||| Stepping ~*~*~tactically~*~*~ (retreating).
  9941 | Lair:4   | 9941 ||| Stepping ~*~*~tactically~*~*~ (retreating).
  9942 | Lair:4   | 9942 ||| Stepping ~*~*~tactically~*~*~ (retreating).
  9943 | Lair:4   | 9943 ||| Stepping ~*~*~tactically~*~*~ (retreating).
  9944 | Lair:4   | 9944 ||| Stepping ~*~*~tactically~*~*~ (retreating).
  9945 | Lair:4   | 9945 ||| Stepping ~*~*~tactically~*~*~ (retreating).
  9946 | Lair:4   | 9946 ||| Stepping ~*~*~tactically~*~*~ (retreating).
  9947 | Lair:4   | 9947 ||| Stepping ~*~*~tactically~*~*~ (retreating).
  9949 | Lair:4   | 9949 ||| Stepping ~*~*~tactically~*~*~ (retreating).
  9950 | Lair:4   | 9950 ||| Stepping ~*~*~tactically~*~*~ (retreating).
  9951 | Lair:4   | 9951 ||| Stepping ~*~*~tactically~*~*~ (retreating).
  9952 | Lair:4   | 9952 ||| Stepping ~*~*~tactically~*~*~ (retreating).
  9953 | Lair:4   | 9953 ||| Stepping ~*~*~tactically~*~*~ (retreating).
  9955 | Lair:4   | 9955 ||| Stepping ~*~*~tactically~*~*~ (retreating).
  9956 | Lair:4   | 9956 ||| Stepping ~*~*~tactically~*~*~ (retreating).
  9957 | Lair:4   | 9957 ||| Stepping ~*~*~tactically~*~*~ (retreating).
  9958 | Lair:4   | 9958 ||| Stepping ~*~*~tactically~*~*~ (retreating).
  9959 | Lair:4   | 9959 ||| Stepping ~*~*~tactically~*~*~ (retreating).
  9960 | Lair:4   | 9960 ||| Stepping ~*~*~tactically~*~*~ (retreating).
  9961 | Lair:4   | 9961 ||| Stepping ~*~*~tactically~*~*~ (retreating).
  9963 | Lair:4   | 9963 ||| Stepping ~*~*~tactically~*~*~ (retreating).
  9964 | Lair:4   | 9964 ||| Stepping ~*~*~tactically~*~*~ (retreating).
  9965 | Lair:4   | 9965 ||| Stepping ~*~*~tactically~*~*~ (retreating).
  9966 | Lair:4   | 9966 ||| Stepping ~*~*~tactically~*~*~ (retreating).
  9967 | Lair:4   | 9967 ||| Stepping ~*~*~tactically~*~*~ (retreating).
  9981 | Lair:4   | 9981 ||| Stepping ~*~*~tactically~*~*~ (retreating).
  9982 | Lair:4   | 9982 ||| Stepping ~*~*~tactically~*~*~ (retreating).
  9983 | Lair:4   | 9983 ||| Stepping ~*~*~tactically~*~*~ (retreating).
  9984 | Lair:4   | 9984 ||| Stepping ~*~*~tactically~*~*~ (retreating).
  9985 | Lair:4   | 9985 ||| Stepping ~*~*~tactically~*~*~ (retreating).
  9989 | Lair:4   | 9989 ||| Stepping ~*~*~tactically~*~*~ (retreating).
  9990 | Lair:4   | 9990 ||| Stepping ~*~*~tactically~*~*~ (retreating).
  9991 | Lair:4   | 9991 ||| Stepping ~*~*~tactically~*~*~ (retreating).
  9992 | Lair:4   | 9992 ||| Stepping ~*~*~tactically~*~*~ (retreating).
  9993 | Lair:4   | 9993 ||| Stepping ~*~*~tactically~*~*~ (retreating).
  9994 | Lair:4   | 9994 ||| Stepping ~*~*~tactically~*~*~ (retreating).
  9995 | Lair:4   | 9995 ||| Stepping ~*~*~tactically~*~*~ (retreating).
  9996 | Lair:4   | 9996 ||| RETREATING.
  9998 | Lair:4   | 9998 ||| Stepping ~*~*~tactically~*~*~ (retreating).
 10002 | Lair:4   | 10002 ||| Stepping ~*~*~tactically~*~*~ (retreating).
 10003 | Lair:4   | 10003 ||| Stepping ~*~*~tactically~*~*~ (retreating).
 10004 | Lair:4   | 10004 ||| Stepping ~*~*~tactically~*~*~ (retreating).
 10005 | Lair:4   | 10005 ||| Stepping ~*~*~tactically~*~*~ (retreating).
 10006 | Lair:4   | 10006 ||| Stepping ~*~*~tactically~*~*~ (retreating).
 10007 | Lair:4   | 10007 ||| INVOKING Heroism.
 10009 | Lair:4   | 10009 ||| Stepping ~*~*~tactically~*~*~ (retreating).
 10010 | Lair:4   | 10010 ||| Stepping ~*~*~tactically~*~*~ (retreating).
 10011 | Lair:4   | 10011 ||| Stepping ~*~*~tactically~*~*~ (retreating).
 10012 | Lair:4   | 10012 ||| Stepping ~*~*~tactically~*~*~ (retreating).
 10013 | Lair:4   | 10013 ||| Stepping ~*~*~tactically~*~*~ (retreating).
 10014 | Lair:4   | 10014 ||| Stepping ~*~*~tactically~*~*~ (retreating).
 10015 | Lair:4   | 10015 ||| Stepping ~*~*~tactically~*~*~ (retreating).
 10024 | Lair:4   | 10024 ||| Stepping ~*~*~tactically~*~*~ (retreating).
 10025 | Lair:4   | 10025 ||| Stepping ~*~*~tactically~*~*~ (retreating).
 10026 | Lair:4   | 10026 ||| Stepping ~*~*~tactically~*~*~ (retreating).
 10027 | Lair:4   | 10027 ||| Stepping ~*~*~tactically~*~*~ (retreating).
 10089 | Lair:4   | 10089 ||| INVOKING Heroism.
 10197 | Lair:4   | 10197 ||| RETREATING.
 10209 | Lair:4   | 10209 ||| Stepping ~*~*~tactically~*~*~ (retreating).
 10278 | Lair:4   | Reached skill level 12 in Fighting
 10321 | Lair:4   | Found a viscous altar of Jiyva.
 10321 | Lair:4   | Found a staircase to the Slime Pits.
 10482 | Lair:4   | Identified the +5 mace of the Impish God {chaos, Str+4
                  | Int+2}
 10698 | Lair:4   | 10698 ||| Stepping ~*~*~tactically~*~*~ (outnumbered).
 10814 | Lair:4   | 10814 ||| DROPPING scarf of invisibility.
 10840 | Lair:5   | Entered Level 5 of the Lair of Beasts
 10851 | Lair:5   | 10851 ||| INVOKING Heroism.
 10881 | Lair:5   | 10881 ||| RETREATING.
 10885 | Lair:5   | 10885 ||| INVOKING Heroism.
 10895 | Lair:5   | 10895 ||| Stepping ~*~*~tactically~*~*~ (retreating).
 10896 | Lair:5   | 10896 ||| Stepping ~*~*~tactically~*~*~ (retreating).
 10897 | Lair:5   | Received a gift from Okawaru
 10975 | Lair:5   | 10975 ||| RETREATING.
 10982 | Lair:5   | 10982 ||| Stepping ~*~*~tactically~*~*~ (retreating).
 10983 | Lair:5   | 10983 ||| Stepping ~*~*~tactically~*~*~ (retreating).
 10984 | Lair:5   | 10984 ||| Stepping ~*~*~tactically~*~*~ (retreating).
 10985 | Lair:5   | 10985 ||| Stepping ~*~*~tactically~*~*~ (retreating).
 10988 | Lair:5   | 10988 ||| Stepping ~*~*~tactically~*~*~ (retreating).
 10989 | Lair:5   | 10989 ||| Stepping ~*~*~tactically~*~*~ (retreating).
 10990 | Lair:5   | 10990 ||| Stepping ~*~*~tactically~*~*~ (retreating).
 11055 | Lair:5   | Received a gift from Okawaru
 11057 | Lair:5   | 11057 ||| SWAPPING to +2 longbow of freezing.
 11058 | Lair:5   | 11058 ||| DROPPING +2 orcbow of electrocution.
 11169 | Lair:5   | 11169 ||| RETREATING.
 11175 | Lair:5   | 11175 ||| INVOKING Heroism.
 11179 | Lair:5   | 11179 ||| Stepping ~*~*~tactically~*~*~ (retreating).
 11203 | Lair:5   | Gained mutation: Your large and strong wings let you fly.
                  | [Gargoyle growth]
 11203 | Lair:5   | Reached XP level 14. HP: 94/94 MP: 21/21
 11203 | Lair:5   | 11203 ||| SWAPPING to +12 longbow of Pride {antimagic,
                  | rC+}.
 11204 | Lair:5   | 11204 ||| DROPPING +2 longbow of freezing.
 11216 | Lair:5   | 11216 ||| RETREATING.
 11219 | Lair:5   | 11219 ||| Stepping ~*~*~tactically~*~*~ (retreating).
 11220 | Lair:5   | 11220 ||| Stepping ~*~*~tactically~*~*~ (retreating).
 11221 | Lair:5   | 11221 ||| Stepping ~*~*~tactically~*~*~ (retreating).
 11227 | Lair:5   | 11227 ||| INVOKING Heroism.
 11379 | Lair:5   | 11379 ||| Stepping ~*~*~tactically~*~*~ (outnumbered).
 11433 | Lair:5   | 11433 ||| INVOKING Heroism.
 11437 | Lair:5   | 11437 ||| INVOKING Finesse.
 11522 | Lair:5   | Reached skill level 17 in Ranged Weapons
 11535 | Lair:5   | 11535 ||| Stepping ~*~*~tactically~*~*~ (outnumbered).
 11566 | Lair:5   | 11566 ||| Stepping ~*~*~tactically~*~*~ (outnumbered).
 11568 | Lair:5   | 11568 ||| Stepping ~*~*~tactically~*~*~ (retreating).
 11569 | Lair:5   | 11569 ||| INVOKING Heroism.
 11571 | Lair:5   | 11571 ||| Stepping ~*~*~tactically~*~*~ (retreating).
 11573 | Lair:5   | 11573 ||| Stepping ~*~*~tactically~*~*~ (retreating).
 11622 | Lair:5   | Noticed Sonja
 11623 | Lair:5   | 11623 ||| INVOKING Finesse.
 11628 | Lair:5   | Killed Sonja
 11648 | Lair:5   | 11648 ||| INVOKING Heroism.
 11716 | Lair:5   | 11716 ||| RETREATING.
 11724 | Lair:5   | 11724 ||| INVOKING Heroism.
 11729 | Lair:5   | 11729 ||| Stepping ~*~*~tactically~*~*~ (retreating).
 11730 | Lair:5   | 11730 ||| Stepping ~*~*~tactically~*~*~ (retreating).
 11731 | Lair:5   | 11731 ||| Stepping ~*~*~tactically~*~*~ (retreating).
 11732 | Lair:5   | 11732 ||| Stepping ~*~*~tactically~*~*~ (retreating).
 11733 | Lair:5   | 11733 ||| Stepping ~*~*~tactically~*~*~ (retreating).
 11734 | Lair:5   | 11734 ||| Stepping ~*~*~tactically~*~*~ (retreating).
 11736 | Lair:5   | Received a gift from Okawaru
 11912 | Lair:5   | 11912 ||| PLANNING LAIR
 11918 | Lair:5   | 11918 ||| Stepping ~*~*~tactically~*~*~ (cloud).
 11935 | Lair:5   | 11935 ||| PLANNING LAIR
 11993 | Lair:5   | 11993 ||| RETREATING.
 11996 | Lair:5   | 11996 ||| INVOKING Heroism.
 11997 | Lair:5   | 11997 ||| INVOKING Finesse.
 12078 | Lair:5   | Reached skill level 18 in Ranged Weapons
 12176 | Lair:5   | 12176 ||| DROPPING ring of positive energy.
 12177 | Lair:5   | 12177 ||| DROPPING ring of resist corrosion.
 12178 | Lair:5   | 12178 ||| UPGRADING to +5 ring of evasion.
 12180 | Lair:5   | 12180 ||| DROPPING ring of protection from cold.
 12181 | Lair:5   | 12181 ||| READING scroll labelled PALOCLA WEGHE.
 12182 | Lair:5   | 12182 ||| READING 7 scrolls of identify.
 12182 | Lair:5   | 12182 ||| IDENTIFYING emerald potion
 12531 | Lair:5   | 12531 ||| PLANNING D:1-11
 12706 | D:9      | Noticed Prince Ribbit
 12711 | D:9      | Killed Prince Ribbit
 12711 | D:9      | Identified the +4 hand crossbow "Wieff" {flame, rPois
                  | Str+2} (Okawaru gifted it to you on level 9 of the Dungeon)
 12711 | D:9      | Received a gift from Okawaru
 12999 | D:9      | Found a stormy altar of Qazlal.
 13014 | D:9      | Found a blossoming altar of Fedhas.
 13290 | D:9      | Found Zeockam's Magic Scroll Shop.
 13293 | D:9      | 13293 ||| BUYING scroll of identify (32 gold).
 13293 | D:9      | Bought a scroll of identify for 32 gold pieces
 13485 | D:9      | 13485 ||| READING scroll labelled XELETA WUSA.
 13522 | D:10     | Entered Level 10 of the Dungeon
 13910 | D:10     | 13910 ||| PLANNING D:1-11
 14249 | D:10     | 14249 ||| UPGRADING to +6 ring of dexterity.
 14251 | D:10     | 14251 ||| UPGRADING to +5 ring of evasion.
 14253 | D:10     | 14253 ||| DROPPING +4 ring of protection.
 14254 | D:10     | 14254 ||| READING scroll labelled MIZ NAULOHA.
 14401 | D:11     | Noticed Grum
 14402 | D:11     | 14402 ||| INVOKING Heroism.
 14403 | D:11     | 14403 ||| INVOKING Finesse.
 14408 | D:11     | Killed Grum
 14650 | D:11     | 14650 ||| READING scroll of enchant armour.
 14650 | D:11     | 14650 ||| ENCHANTING +0 helmet.
 14757 | D:11     | Found a staircase to the Orcish Mines.
 14837 | D:11     | Noticed Harold
 14848 | D:11     | Killed Harold
 14940 | D:11     | 14940 ||| PLANNING D
 14940 | D:11     | 14940 ||| READING scroll labelled PAOSUE ABUDI.
 14992 | D:12     | Identified the +1 orcbow of the Old World {heavy, Dex+4}
 15031 | D:12     | 15031 ||| INVOKING Heroism.
 15032 | D:12     | 15032 ||| INVOKING Finesse.
 15163 | D:12     | Found Jen Yvu's Distillery.
 15180 | D:12     | 15180 ||| BUYING 2 potions of mutation (256 gold).
 15180 | D:12     | Bought 2 potions of mutation for 256 gold pieces
 15180 | D:12     | 15180 ||| BUYING potion of curing (48 gold).
 15180 | D:12     | Bought a potion of curing for 48 gold pieces
 15180 | D:12     | 15180 ||| BUYING potion of haste (160 gold).
 15180 | D:12     | Bought a potion of haste for 160 gold pieces
 15180 | D:12     | 15180 ||| BUYING potion of haste (160 gold).
 15180 | D:12     | Bought a potion of haste for 160 gold pieces
 15180 | D:12     | 15180 ||| BUYING potion of heal wounds (80 gold).
 15180 | D:12     | Bought a potion of heal wounds for 80 gold pieces
 15180 | D:12     | 15180 ||| BUYING potion of resistance (160 gold).
 15180 | D:12     | Bought a potion of resistance for 160 gold pieces
 15438 | D:12     | 15438 ||| Stepping ~*~*~tactically~*~*~ (outnumbered).
 16023 | D:13     | Found a runed translucent gate.
 16023 | D:13     | Found a runed translucent gate.
 16025 | D:13     | Found a runed translucent gate.
 16025 | D:13     | Noticed Yqoodd's ghost (journeyman GnWr)
 16044 | D:13     | Reached XP level 15. HP: 98/98 MP: 7/22
 16306 | D:13     | Reached skill level 19 in Ranged Weapons
 16324 | D:13     | 16324 ||| RETREATING.
 16325 | D:13     | 16325 ||| Stepping ~*~*~tactically~*~*~ (retreating).
 16326 | D:13     | 16326 ||| Stepping ~*~*~tactically~*~*~ (retreating).
 16327 | D:13     | 16327 ||| Stepping ~*~*~tactically~*~*~ (retreating).
 16328 | D:13     | 16328 ||| Stepping ~*~*~tactically~*~*~ (retreating).
 16363 | D:13     | 16363 ||| READING scroll of enchant armour.
 16363 | D:13     | 16363 ||| ENCHANTING +1 helmet.
 16369 | D:13     | 16369 ||| RETREATING.
 16435 | D:13     | Found a gate to the Vaults.
 16436 | D:13     | 16436 ||| RETREATING.
 16440 | D:13     | 16440 ||| Stepping ~*~*~tactically~*~*~ (retreating).
 16445 | D:13     | 16445 ||| Stepping ~*~*~tactically~*~*~ (retreating).
 16454 | D:13     | 16454 ||| Stepping ~*~*~tactically~*~*~ (retreating).
 16457 | D:13     | 16457 ||| Stepping ~*~*~tactically~*~*~ (retreating).
 16458 | D:13     | 16458 ||| Stepping ~*~*~tactically~*~*~ (retreating).
 16459 | D:13     | 16459 ||| Stepping ~*~*~tactically~*~*~ (retreating).
 16460 | D:13     | 16460 ||| Stepping ~*~*~tactically~*~*~ (retreating).
 16461 | D:13     | 16461 ||| Stepping ~*~*~tactically~*~*~ (retreating).
 16462 | D:13     | 16462 ||| Stepping ~*~*~tactically~*~*~ (retreating).
 16463 | D:13     | 16463 ||| Stepping ~*~*~tactically~*~*~ (retreating).
 16464 | D:13     | 16464 ||| Stepping ~*~*~tactically~*~*~ (retreating).
 16465 | D:13     | 16465 ||| Stepping ~*~*~tactically~*~*~ (retreating).
 16466 | D:13     | 16466 ||| Stepping ~*~*~tactically~*~*~ (retreating).
 16467 | D:13     | 16467 ||| Stepping ~*~*~tactically~*~*~ (retreating).
 16473 | D:13     | 16473 ||| FLEEEEING.
 16474 | D:13     | 16474 ||| FLEEEEING.
 16475 | D:13     | 16475 ||| FLEEEEING.
 16476 | D:13     | 16476 ||| FLEEEEING.
 16482 | D:13     | Reached skill level 9 in Dodging
 16586 | D:13     | Identified the +4 ring mail of Guhoun {rElec rF+ Will+
                  | Stlth+} (Okawaru gifted it to you on level 13 of the
                  | Dungeon)
 16586 | D:13     | Received a gift from Okawaru
 16697 | D:13     | 16697 ||| Stepping ~*~*~tactically~*~*~ (retreating).
 16698 | D:13     | 16698 ||| Stepping ~*~*~tactically~*~*~ (retreating).
 16699 | D:13     | 16699 ||| Stepping ~*~*~tactically~*~*~ (retreating).
 16700 | D:13     | 16700 ||| Stepping ~*~*~tactically~*~*~ (retreating).
 16701 | D:13     | 16701 ||| Stepping ~*~*~tactically~*~*~ (retreating).
 16702 | D:13     | 16702 ||| Stepping ~*~*~tactically~*~*~ (retreating).
 16703 | D:13     | 16703 ||| Stepping ~*~*~tactically~*~*~ (retreating).
 16704 | D:13     | 16704 ||| Stepping ~*~*~tactically~*~*~ (retreating).
 16712 | D:13     | 16712 ||| INVOKING Heroism.
 16894 | D:13     | 16894 ||| Stepping ~*~*~tactically~*~*~ (outnumbered).
 16895 | D:13     | 16895 ||| Stepping ~*~*~tactically~*~*~ (outnumbered).
 16979 | D:13     | 16979 ||| INVOKING Heroism.
 17041 | D:13     | 17041 ||| UPGRADING to +4 ring mail of Guhoun {rElec rF+
                  | Will+ Stlth+}.
 17051 | D:13     | 17051 ||| DROPPING +0 troll leather armour {Pargi}.
 17083 | D:14     | 17083 ||| STAIRDANCE
 17088 | D:13     | Reached skill level 6 in Armour
 17149 | D:14     | 17149 ||| STAIRDANCE
 17151 | D:13     | 17151 ||| INVOKING Heroism.
 17269 | D:14     | 17269 ||| STAIRDANCE
 17338 | D:14     | 17338 ||| Stepping ~*~*~tactically~*~*~ (retreating).
 17339 | D:14     | 17339 ||| INVOKING Heroism.
 17340 | D:14     | 17340 ||| RETREATING.
 17345 | D:14     | 17345 ||| Stepping ~*~*~tactically~*~*~ (retreating).
 17346 | D:14     | 17346 ||| Stepping ~*~*~tactically~*~*~ (retreating).
 17357 | D:14     | 17357 ||| Stepping ~*~*~tactically~*~*~ (retreating).
 17358 | D:14     | 17358 ||| Stepping ~*~*~tactically~*~*~ (retreating).
 17359 | D:14     | 17359 ||| Stepping ~*~*~tactically~*~*~ (retreating).
 17362 | D:14     | 17362 ||| INVOKING Heroism.
 17368 | D:14     | HP: 21/98 [skeletal warrior/+0 glaive (5)]
 17369 | D:14     | 17369 ||| READING 4 scrolls of teleportation.
 17369 | D:14     | Slain by a skeletal warrior

Levels and vault maps discovered:
D:1:      saegor_arrival_simple_b, layout_rooms
D:2:      layout_basic, basic_altar, hellmonk_ecumenical_altar_slurped_away
D:3:      wander_river, layout_basic, gammafunk_temple_overflow_arena,
          mainiacjoe_overflow_small_starburst
D:4:      layout_basic, nicolae_ru_path_of_blood,
          mainiacjoe_overflow_concentric_impassable,
          worldfamousw_hep_ancestral_shrine, serial_co_window_serial,
          co_window_paths_b, co_window_paths_a, co_window_paths_b,
          co_window_of_opportunity_a, co_window_paths_a,
          co_window_of_opportunity_b, co_window_of_opportunity_b,
          co_window_corner_b, co_window_unsneaky_path_e, co_window_paths_c,
          co_window_cross_4, co_window_2corner, glass_columns_a,
          glass_columns_b, glass_columns_b, glass_columns_a,
          uniq_crazy_yiuf_cottage, uniq_pargi, uniq_edmund
D:5:      layout_gridville
D:6:      layout_cave_pools, grunt_temple_overflow_order_and_chaos_2,
          temple_fountains, enter_ossuary_1, uniq_maggie
D:7:      layout_loops_cross, mainiacjoe_overflow_brackets,
          nicolae_yredelemnul_corpse_copse,
          hellmonk_okawaru_the_only_friend_you_need
D:8:      layout_loops_ring, jmf_multi_god_temple2, erik_lair_orcish_takeover
D:9:      layout_stronghold, mainiacjoe_overflow_alcove_1,
          nicolae_qazlal_scattered_showers, serial_shops,
          nicolae_shop_rolled_up, uniq_prince_ribbit1
D:10:     layout_basic
D:11:     layout_long_grid, orc_0_dummy, lightli_orcish_oven, uniq_grum,
          uniq_harold
D:12:     layout_basic, serial_shops, shop_coins
D:13:     layout_basic, grunt_vaults_entry_tiered,
          gammafunk_ghost_nasty_kobolds, worms_lemuel
D:14:     layout_basic, nrook_pool_corridor, demons_altar
Temple:   hellmonk_temple_micro_hex
Lair:1:   gammafunk_lair_enchanted_lake, layout_concentric_octagons
Lair:2:   gammafunk_worm_tunnel, layout_gridlike
Lair:3:   layout_cave_pods, nicolae_swamp_entry_splash_gauntlet,
          dummy_snake_entry, basic_altar, beast_lair_carwin_4
Lair:4:   layout_gridlike, slime_entry_1, portal_ice_cave_rime,
          chequers_serial_rivers_micro_a, grunt_megastairs_3
Lair:5:   hangedman_lair_in_review, layout_misc_corridors,
          guppyfry_lair_end_dragon, st_stairs_6, uniq_sonja

Skill      XL: |  1  2  3  4  5  6  7  8  9 10 11 12 13 14 15 |
---------------+----------------------------------------------+-----
Armour         | 1 2 3 4 5 7 |  7.1
Ranged Weapons | 5 6 7 8 10 11 13 15 16 18 19 | 19.3
Fighting       | 3 4 5 7 8 10 13 | 13.0
Dodging        | 2 3 4 5 7 8 9 |  9.0
Invocations    | 4 5 9 10 | 10.0
Stealth        | |  1.1

Action                     |  1- 3 |  4- 6 |  7- 9 | 10-12 | 13-15 || total
---------------------------+-------+-------+-------+-------+-------++-------
   Fire: Shortbow          |   137 |   115 |   192 |       |       ||   444
         Longbow           |       |       |   184 |    17 |   629 ||   830
         Orcbow            |       |       |       |   543 |   373 ||   916
 Invoke: Heroism           |       |       |       |    25 |    21 ||    46
         Finesse           |       |       |       |     2 |     5 ||     7
    Use: Scroll            |     7 |     1 |    12 |     3 |     9 ||    32
         Potion            |     3 |     1 |     2 |     2 |       ||     8
 Armour: Leather armour    |    11 |    41 |       |       |       ||    52
         Ring mail         |    31 |     8 |       |       |    34 ||    73
         Troll leather arm |       |     3 |   104 |   103 |   185 ||   395
  Dodge: Dodged            |    42 |    49 |   145 |   181 |   501 ||   918
  Block: Other             |       |       |       |    65 |   117 ||   182
         Reflection        |       |       |       |       |     4 ||     4

Table legend:
 A = Non-vault XP
 B = Vault XP
 C = Vault XP percentage of total XP
 D = Non-vault monster count
 E = Vault monster count
 F = Vault count percentage of total count
                 A         B        C        D         E       F
            +---------+---------+-------+---------+---------+-------
      Total |   71238 |   34477 |  32.6 |     383 |     151 |  28.3
            +---------+---------+-------+---------+---------+-------
        D:1 |      20 |       0 |   0.0 |      11 |       0 |   0.0
        D:2 |      25 |       2 |   7.4 |      14 |       1 |   6.7
        D:3 |     105 |       0 |   0.0 |      15 |       0 |   0.0
        D:4 |     520 |     287 |  35.6 |      26 |       2 |   7.1
        D:5 |     743 |       0 |   0.0 |      23 |       0 |   0.0
        D:6 |    1036 |     359 |  25.7 |      25 |       1 |   3.8
        D:7 |     639 |     344 |  35.0 |      25 |       7 |  21.9
        D:8 |     652 |     645 |  49.7 |      11 |      10 |  47.6
        D:9 |    2412 |     259 |   9.7 |      22 |       1 |   4.3
       D:10 |     905 |       0 |   0.0 |      11 |       0 |   0.0
       D:11 |    2471 |    1307 |  34.6 |       8 |       9 |  52.9
       D:12 |    3453 |       0 |   0.0 |      11 |       0 |   0.0
       D:13 |   10755 |    9852 |  47.8 |      29 |      31 |  51.7
       D:14 |    1740 |       0 |   0.0 |       3 |       0 |   0.0
     Lair:1 |   10749 |    2223 |  17.1 |      38 |       5 |  11.6
     Lair:2 |   10640 |       0 |   0.0 |      32 |       0 |   0.0
     Lair:3 |    4484 |    2846 |  38.8 |      17 |      13 |  43.3
     Lair:4 |    5597 |    3146 |  36.0 |      17 |       9 |  34.6
     Lair:5 |   14292 |   12936 |  47.5 |      45 |      35 |  43.8
    Ossuary |       0 |     271 | 100.0 |       0 |      27 | 100.0
            +---------+---------+-------+---------+---------+-------
